 Dungeon Crawl Stone Soup version 0.22.1-1-ga44c0e5 (webtiles) character file.

45022 Fang the Severer (level 14, -6/138 HPs)
             Began as a Gargoyle Berserker on Oct 3, 2018.
             Was an Elder of Trog.
             Mangled by a tyrant leech (14 damage)
             ... on level 6 of the Lair of Beasts on Oct 5, 2018.
             The game lasted 00:26:21 (16133 turns).

Fang the Severer (Gargoyle Berserker)              Turns: 16133, Time: 00:26:22

Health: -6/138     AC: 22    Str: 38    XL:     14   Next: 31%
Magic:  14/14      EV: 12    Int: 10    God:    Trog [****..]
Gold:   1095       SH:  0    Dex:  2    Spells: 13/13 levels left

rFire    . . .     SeeInvis +   w - +4 battleaxe "Ranu" {holy, rPois rN+ Dex-2}
rCold    . . .     Gourm    +   (shield currently unavailable)
rNeg     + + .     Faith    .   K - +0 robe of Wrong Decisions {rCorr Str+3 SInv}
rPois    ∞         Spirit   .   O - +3 crown of Dyrovepreva {rElec Int+2 SInv}
rElec    +         Reflect  .   G - +0 cloak "Restrisyq" {+Blink +Fly MR+++ Dex-5}
rCorr    +         Harm     .   (no gloves)
MR       ++++.                  (no boots)
Stlth    ..........             t - amulet of the gourmand
HPRegen  0.73/turn              b - +1 ring of protection
MPRegen  0.14/turn              i - +4 ring of strength

@: berserking, very quick
A: big wings, icy blue scales 1, iridescent scales 1, negative energy resistance
1, regeneration 1, electricity resistance, wild magic 1, unbreathing,
petrification resistance, rot immunity, AC +10
a: Fly, Berserk, Trog's Hand, Brothers in Arms, Renounce Religion, Evoke Blink,
Evoke Flight


You were on level 6 of the Lair of Beasts.
You worshipped Trog.
Trog was greatly pleased with you.
You were very full.

You visited 4 branches of the dungeon, and saw 18 of its levels.

You collected 1095 gold pieces.

Inventory:

Hand Weapons
 a - a +1 hand axe
 h - a +1 hand axe of venom
 w - the +4 battleaxe "Ranu" (weapon) {holy, rPois rN+ Dex-2}
   (You acquired it on level 6 of the Lair of Beasts)

   It has been blessed by the Shining One to cause great damage to the undead
   and demons.
   It affects your dexterity (-2).
   It protects you from poison.
   It protects you from negative energy.
 F - a +5 executioner's axe of flaming
Missiles
 P - 5 javelins of returning (quivered)
Armour
 x - a +1 robe of magic resistance
 y - a +4 plate armour
 G - the +0 cloak "Restrisyq" (worn) {+Blink +Fly MR+++ Dex-5}
   (You found it on level 1 of the Lair of Beasts)

   It affects your dexterity (-5).
   It affects your resistance to hostile enchantments.
   It lets you fly.
   It lets you blink.
 K - the +0 robe of Wrong Decisions (worn) {rCorr Str+3 SInv}
   (You found it on level 6 of the Lair of Beasts)

   It affects your strength (+3).
   It lets you see invisible.
   It provides partial protection from all sources of acid and corrosion.
 L - a scarf of spirit shield
 O - the +3 crown of Dyrovepreva (worn) {rElec Int+2 SInv}
   (You found it on level 6 of the Lair of Beasts)

   It affects your intelligence (+2).
   It insulates you from electricity.
   It lets you see invisible.
Jewellery
 b - a +1 ring of protection (left hand)
 i - a +4 ring of strength (right hand)
 s - an uncursed ring of protection from fire
 t - an amulet of the gourmand (around neck)
 J - an uncursed amulet of faith
Wands
 m - a wand of flame (62)
 p - a wand of paralysis (29)
 v - a wand of iceblast (8)
 D - a wand of acid (7)
 E - a wand of random effects (19)
 N - a wand of scattershot (5)
Scrolls
 f - 3 scrolls of teleportation
 g - 2 scrolls of remove curse
 H - a scroll of fear
 I - a scroll of silence
 M - a scroll of magic mapping
Potions
 d - 7 potions of curing
 e - 4 potions of heal wounds
 j - 3 potions of lignification
 k - 5 potions of haste
 l - 5 potions of brilliance
 n - 3 potions of invisibility
 o - 2 potions of ambrosia {unknown}
 q - a potion of degeneration {unknown}
 r - 4 potions of might
 u - a potion of berserk rage
 z - a potion of flight
 A - 3 potions of resistance
 B - a potion of cancellation {unknown}
 C - a potion of agility {unknown}
Comestibles
 c - 30 rations


   Skills:
 + Level 12.3 Fighting
 + Level 15.8 Axes
 + Level 11.4 Armour
 + Level 5.8 Dodging
 + Level 4.5 Stealth


You had 13 spell levels left.
You didn't know any spells.
Your spell library was empty.

Dungeon Overview and Level Annotations

Branches:
Dungeon (10/15)            Temple (1/1) D:4            Lair (6/6) D:10
 Shoals (0/4) Lair:2       Spider (1/4) Lair:4        Slime (0/5) Lair:5
    Orc (0/2) D:10

Altars:
Ashenzari
Cheibriados
Fedhas
Gozag
Kikubaaqudgha
Makhleb
Nemelex Xobeh
Okawaru
Sif Muna
Trog
Uskayaw
Vehumet
Yredelemnul
The Shining One

Annotations:
D:9 3 runed doors, Avernum's ghost, novice GnFi
Lair:4 exclusion: oklob plant
Lair:6 1 runed door


Innate Abilities, Weirdness & Mutations

You are resistant to torment.
Your stone body is resilient. (AC +10)
You are immune to poison.
Your large and strong wings let you fly indefinitely.
You resist negative energy. (rN+)
You are resistant to electric shocks. (rElec)
You can survive without breathing.
You are immune to petrification.
You are immune to rotting.
You are partially covered in icy blue scales. (AC +2)
You are partially covered in iridescent scales. (AC +2)
Your natural rate of healing is unusually fast.
Your spells are a little harder to cast, but a little more powerful.


Message History

You slice the hornet like a ripe choko!!!
You kill the hornet!
Trog accepts your kill.
You closely miss the hornet. The hornet closely misses you.
You miss the tyrant leech.
The tyrant leech is severely wounded.
You hit the tyrant leech. You barely miss the hornet. The hornet stings you.
The tyrant leech bites you!
* * * LOW HITPOINT WARNING * * *
The tyrant leech bites you!!
* * * LOW HITPOINT WARNING * * *
You miss the tyrant leech.
The tyrant leech is heavily wounded.
You closely miss the tyrant leech. You slash the hornet!
The hornet barely misses you.
You miss the tyrant leech.
The tyrant leech is heavily wounded.
You closely miss the hornet. You slash the tyrant leech!
The tyrant leech barely misses you. The tyrant leech bites you!
You die...

######## ###...##.#
####. ###).......##
.....
#....###.†..###.....
###...## ##.....#..#
#8..##.# ###..†y.###
##.†.### #.#@w...#
+#...### ##.#w.....#
###...# ####......
#..## #..... ##..###
..#.# #....# #.##
#####..## ##
##..#.P## ###.#)..##


You could see 2 tyrant leeches and a hornet.

Vanquished Creatures
  Rupert (Lair:4)
  A dire elephant (Lair:6)
  A catoblepas (Lair:6)
  5 hydras
  3 two-headed ogres
  Urug (Lair:2)
  An unseen horror (D:10)
  2 lindwurms (Lair:6)
  3 manticores
  8 black mambas
  3 torpor snails (Lair:6)
  5 rime drakes
  9 spiny frogs
  7 komodo dragons
  A troll (D:10)
  6 hornets
  A tyrant leech (Lair:6)
  10 blink frogs
  Grinder (D:4)
  14 hippogriffs
  Sigmund (D:2)
  2 wyverns (Lair:4)
  53 yaks
  2 basilisks
  A steam dragon (D:10)
  A hungry ghost (D:9)
  4 wargs (D:10)
  Edmund (D:6)
  10 water moccasins
  Duvessa (D:4)
  8 porcupines
  2 sky beasts
  An ice beast (D:8)
  2 phantoms
  A necrophage (D:5)
  4 centaurs
  2 ogres
  15 wolves
  17 crocodiles
  A big kobold (D:9)
  A gnoll sergeant (D:4)
  Blork the orc (D:5)
  15 bullfrogs
  Dowan (D:4)
  4 scorpions
  A water moccasin skeleton (D:5)
  A wyvern skeleton (D:9)
  8 wights
  4 electric eels (D:9)
  A howler monkey (D:9)
  4 crimson imps
  A centaur zombie (D:6)
  A quasit (D:9)
  A bullfrog skeleton (D:5)
  A hound (D:8)
  4 jellies
  4 orc wizards
  Crazy Yiuf (D:7)
  2 orc priests (D:10)
  Natasha (thrice) (D:4)
  7 iguanas
  A hell rat (Lair:6)
  12 worker ants
  A howler monkey zombie (D:10)
  4 gnolls (D:4)
  11 adders
  A shadow imp (D:10)
  3 oozes (Lair:5)
  An adder skeleton (D:8)
  5 worms
  5 dart slugs
  3 leopard geckos
  18 orcs
  A ball python (D:3)
  8 bats
  9 giant cockroaches
  6 goblins
  7 hobgoblins
  13 jackals
  5 kobolds
  3 quokkas
  A ball python zombie (D:5)
  6 frilled lizards
  6 rats
  2 fungi
  4 plants
414 creatures vanquished.

Vanquished Creatures (others)
  A black mamba (Lair:5)
  A bush (Lair:2)
  15 fungi
  26 plants
43 creatures vanquished.

Grand Total: 457 creatures vanquished

Notes
Turn   | Place    | Note
-------+----------+-------------------------------------------
     0 | D:1      | Fang the Gargoyle Berserker began the quest for the Orb.
     0 | D:1      | Reached XP level 1. HP: 14/14 MP: 1/1
   288 | D:1      | Reached XP level 2. HP: 17/19 MP: 2/2
   512 | D:1      | Reached skill level 3 in Axes
   895 | D:2      | Reached XP level 3. HP: 13/24 MP: 3/3
  1145 | D:2      | Reached ** piety under Trog
  1151 | D:2      | Noticed Sigmund
  1159 | D:2      | Killed Sigmund
  1159 | D:2      | Reached skill level 4 in Axes
  1159 | D:2      | Reached XP level 4. HP: 19/30 MP: 4/4
  1159 | D:2      | Reached XP level 5. HP: 22/34 MP: 5/5
  1498 | D:2      | Reached XP level 6. HP: 38/39 MP: 6/6
  1685 | D:3      | Reached skill level 1 in Stealth
  2005 | D:4      | Found a staircase to the Ecumenical Temple.
  2175 | Temple   | Entered the Ecumenical Temple
  2196 | D:4      | Reached skill level 5 in Axes
  2250 | D:4      | Noticed Duvessa
  2250 | D:4      | Noticed Natasha
  2253 | D:4      | Noticed Dowan
  2258 | D:4      | Killed Natasha
  2264 | D:4      | Killed Duvessa
  2264 | D:4      | Reached XP level 7. HP: 44/44 MP: 7/7
  2270 | D:4      | Killed Dowan
  2270 | D:4      | Reached *** piety under Trog
  2452 | D:4      | Reached skill level 6 in Axes
  2574 | D:4      | Noticed Natasha
  2580 | D:4      | Killed Natasha
  2623 | D:4      | Noticed Grinder
  2636 | D:4      | Killed Grinder
  2636 | D:4      | Reached skill level 5 in Fighting
  2636 | D:4      | Reached XP level 8. HP: 44/49 MP: 8/8
  2710 | D:4      | Noticed Natasha
  2712 | D:4      | Killed Natasha
  3264 | D:5      | Entered Level 5 of the Dungeon
  3269 | D:5      | Found a radiant altar of Vehumet.
  3402 | D:5      | Noticed Blork the orc
  3413 | D:5      | Killed Blork the orc
  3464 | D:5      | Reached skill level 7 in Axes
  4591 | D:6      | Noticed Edmund
  4608 | D:6      | Killed Edmund
  4608 | D:6      | Reached XP level 9. HP: 54/55 MP: 9/9
  4741 | D:6      | Reached skill level 8 in Axes
  4766 | D:6      | Reached **** piety under Trog
  5199 | D:7      | Found a sparkling altar of Nemelex Xobeh.
  5658 | D:7      | Found a runed door.
  5810 | D:7      | Noticed Crazy Yiuf
  5820 | D:7      | Killed Crazy Yiuf
  5976 | D:8      | Reached skill level 9 in Axes
  6255 | D:8      | Gained mutation: You are partially covered in iridescent
                  | scales. (AC +2) [potion of mutation]
  6255 | D:8      | Gained mutation: You are partially covered in icy blue
                  | scales. (AC +2) [potion of mutation]
  6255 | D:8      | Gained mutation: Your natural rate of healing is unusually
                  | fast. [potion of mutation]
  6255 | D:8      | Gained mutation: Your spells are a little harder to cast,
                  | but a little more powerful. [potion of mutation]
  6532 | D:9      | Noticed a two-headed ogre
  6535 | D:9      | Noticed a two-headed ogre
  6546 | D:9      | Reached XP level 10. HP: 63/63 MP: 10/10
  6550 | D:9      | Killed a two-headed ogre
  6550 | D:9      | Reached skill level 10 in Axes
  6550 | D:9      | Reached skill level 5 in Armour
  6554 | D:9      | Killed a two-headed ogre
  6789 | D:9      | Found a runed gate.
  6790 | D:9      | Noticed a ten-headed hydra
  6790 | D:9      | Noticed Avernum's ghost (novice GnFi)
  6791 | D:9      | Found a runed gate.
  6791 | D:9      | Found a runed gate.
  6828 | D:9      | Reached skill level 11 in Axes
  6873 | D:9      | Reached ***** piety under Trog
  7220 | D:10     | Entered Level 10 of the Dungeon
  7294 | D:10     | Found a staircase to the Orcish Mines.
  7296 | D:10     | Noticed a two-headed ogre
  7313 | D:10     | Killed a two-headed ogre
  7313 | D:10     | Reached XP level 11. HP: 69/69 MP: 11/11
  7476 | D:10     | Found a staircase to the Lair.
  7729 | D:10     | Reached skill level 12 in Axes
  8279 | D:10     | Killed an unseen horror
  8646 | Lair:1   | Entered Level 1 of the Lair of Beasts
  8797 | Lair:1   | Found a dark tunnel.
  9318 | Lair:1   | Reached skill level 10 in Fighting
  9326 | Lair:1   | Reached XP level 12. HP: 77/77 MP: 12/12
  9355 | Lair:1   | Got a slimy cloak
  9361 | Lair:1   | Identified the cursed +0 cloak "Restrisyq" {+Blink +Fly
                  | MR+++ Dex-5} (You found it on level 1 of the Lair of
                  | Beasts)
  9602 | Lair:2   | Noticed a seven-headed hydra
  9620 | Lair:2   | Killed a 20-headed hydra
  9691 | Lair:2   | Noticed Urug
  9719 | Lair:2   | Killed Urug
  9929 | Lair:2   | Found a staircase to the Shoals.
 10122 | Lair:2   | Reached skill level 13 in Axes
 10903 | Lair:3   | Reached skill level 10 in Armour
 10972 | Lair:3   | Received a gift from Trog
 11679 | Lair:4   | Found a hole to the Spider Nest.
 11788 | Lair:4   | Noticed a six-headed hydra
 11796 | Lair:4   | Killed a four-headed hydra
 11796 | Lair:4   | Reached XP level 13. HP: 84/84 MP: 13/13
 11950 | Lair:4   | Reached skill level 14 in Axes
 12294 | Lair:4   | Noticed Rupert
 12306 | Lair:4   | Killed Rupert
 12932 | Lair:5   | Found a staircase to the Slime Pits.
 13339 | Spider:1 | Entered Level 1 of the Spider Nest
 13856 | Lair:5   | Received a gift from Trog
 14482 | Lair:6   | Entered Level 6 of the Lair of Beasts
 14611 | Lair:6   | Reached skill level 5 in Dodging
 14664 | Lair:6   | Reached skill level 15 in Axes
 14672 | Lair:6   | Identified a scroll of acquirement
 14675 | Lair:6   | Got an ichor-stained battleaxe
 14676 | Lair:6   | Identified the +4 battleaxe "Ranu" {holy, rPois rN+ Dex-2}
                  | (You acquired it on level 6 of the Lair of Beasts)
 14828 | Lair:6   | Got a sheer robe
 14839 | Lair:6   | Identified the +0 robe of Wrong Decisions {rCorr Str+3
                  | SInv} (You found it on level 6 of the Lair of Beasts)
 15109 | Lair:6   | Gained mutation: Your large and strong wings let you fly
                  | indefinitely. [Gargoyle growth]
 15109 | Lair:6   | Reached XP level 14. HP: 41/91 MP: 14/14
 15493 | Lair:6   | Noticed a dire elephant
 15494 | Lair:6   | Found the +3 crown of Dyrovepreva {rElec Int+2 SInv}
 15508 | Lair:6   | Killed a dire elephant
 15821 | Lair:6   | Received a gift from Trog
 16100 | Lair:6   | Found a runed door.
 16133 | Lair:6   | Mangled by a tyrant leech

Skill      XL: |  1  2  3  4  5  6  7  8  9 10 11 12 13 14 |
---------------+-------------------------------------------+-----
Axes           | 3 4 5 6 7 9 11 12 13 15 | 15.8
Dodging        | 2 3 4 5 |  5.8
Fighting       | 4 5 7 8 10 11 12 | 12.3
Stealth        | 2 3 4 |  4.5
Armour         | 4 6 8 10 11 | 11.4

Action                   |  1- 3 |  4- 6 |  7- 9 | 10-12 | 13-15 || total
-------------------------+-------+-------+-------+-------+-------++-------
Melee: Hand axe          |    93 |   112 |   371 |   578 |       ||  1154
       Executioner's axe |       |       |       |    69 |   158 ||   227
       Battleaxe         |       |       |       |       |   174 ||   174
Invok: Berserk           |       |     2 |     2 |     6 |     5 ||    15
  Use: Scroll            |       |       |    17 |     9 |     4 ||    30
       Potion            |       |       |     1 |       |     1 ||     2
 Stab: Sleeping          |       |     2 |     5 |       |       ||     7
       Petrified         |       |       |       |       |     3 ||     3
  Eat: Chunk             |     1 |     4 |    24 |    30 |    18 ||    77
Armor: Animal skin       |    28 |    50 |     4 |       |       ||    82
       Robe              |       |       |    36 |       |    97 ||   133
       Plate armour      |       |       |   169 |   613 |   248 ||  1030
Dodge: Dodged            |    73 |    61 |   178 |   305 |   227 ||   844
